 Dungeon Crawl Stone Soup version 0.28-a0-1524-ge72afd5fc6 (webtiles) character file.

Game seed: 13929777207100087832

68 fragbeetle the Digger (level 4, -2/25 HPs)
             Began as a Gargoyle Earth Elementalist on Jan 18, 2022.
             Slain by an iguana (8 damage)
             ... on level 2 of the Dungeon.
             The game lasted 00:04:22 (2425 turns).

fragbeetle the Digger (Gargoyle Earth Elementalist) Turns: 2425, Time: 00:04:23

Health: -2/25      AC:  6    Str: 11    XL:     4   Next: 19%
Magic:  4/7        EV: 12    Int: 16    God:
Gold:   85         SH:  0    Dex: 12    Spells: 3/7 levels left

rFire   . . .      SeeInvis .   g - +0 quarterstaff
rCold   . . .      Faith    .   (shield currently unavailable)
rNeg    + + .      Spirit   .   b - +0 robe
rPois   ∞          Reflect  .   o - +0 helmet of Disguise {rElec rN+}
rElec   +          Harm     .   (no cloak)
rCorr   .          Rampage  .   (no gloves)
Will    .....                   (no boots)
Stlth   ++........              (no amulet)
HPRegen 0.08/turn               (no ring)
MPRegen 0.10/turn               (no ring)

@: no status effects
A: sickness immunity, AC +3, negative energy resistance 1, electricity
resistance, torment resistance 1, petrification resistance
a: no special abilities


You were on level 2 of the Dungeon.
You visited 1 branch of the dungeon, and saw 2 of its levels.

You collected 85 gold pieces.

Inventory:

Hand Weapons
 d - a +0 flail
 g - a +0 quarterstaff (weapon)
 n - a +0 hunting sling
Missiles
 c - 75 stones
Armour
 b - a +0 robe (worn)
 o - the +0 helmet of Disguise (worn) {rElec rN+}
   (You found it on level 2 of the Dungeon)

   rElec:     It insulates you from electricity.
   rN:        It protects you from negative energy.
Jewellery
 a - a ring of see invisible
Scrolls
 e - 3 scrolls of identify {unknown}
 i - a scroll of vulnerability {unknown}
 l - a scroll of noise {unknown}
 q - a scroll of enchant weapon {unknown}
 s - a scroll of amnesia {unknown}
Potions
 f - a potion of heal wounds {unknown}
 h - a potion of degeneration {unknown}
 j - 2 potions of resistance {unknown}
 k - a potion of might {unknown}
 m - a potion of invisibility {unknown}
 p - a potion of berserk rage {unknown}
 r - a potion of curing {unknown}


   Skills:
 + Level 1.2 Fighting
 + Level 1.0 Staves
 + Level 2.0 Dodging
 - Level 2.2 Stealth
 + Level 2.4 Spellcasting
 + Level 0.5 Conjurations
 - Level 1.0 Transmutations
 * Level 4.4 Earth Magic


You had 3 spell levels left.
You knew the following spells:

 Your Spells              Type           Power      Damage    Failure   Level
a - Sandblast             Erth           32%        2d9       3%          1
b - Stone Arrow           Conj/Erth      18%        3d8       22%         3

Your spell library contained the following spells:

 Spells                   Type           Power      Damage    Failure   Level
 Passwall                 Tmut/Erth      8%         N/A       10%         2
 Freeze                   Ice            4%         1d3       21%         1
 Corpse Rot               Necr/Air       2%         N/A       30%         2
 Poisonous Vapours        Pois/Air       2%         N/A       30%         2
 Frozen Ramparts          Ice            2%         1d2       52%         3
 Petrify                  Tmut/Erth      10%        N/A       54%         4
 Hailstorm                Conj/Ice       2%         3d3       87%         4


Dungeon Overview and Level Annotations

Branches:
Dungeon (2/15)

Altars:

Shops:
D:1 [


Innate Abilities, Weirdness & Mutations

You are immune to sickness and miasma.
Your stone body is resilient. (AC +3)
You are immune to poison.
You resist negative energy. (rN+)
You are resistant to electric shocks. (rElec)
You are resistant to unholy torment.
You are immune to petrification.


Message History

You hit the iguana.
The iguana is severely wounded.
The iguana bites you!
* * * LOW HITPOINT WARNING * * *
The iguana bites you.
* * * LOW HITPOINT WARNING * * *
You are too injured to fight recklessly!
You are too injured to fight recklessly!
Casting: Sandblast (safe; 3% risk of failure)
Confirm with . or Enter, or press ? or * to list all spells.
Aiming: Sandblast (safe; 3% risk of failure)
Press: ? - help, Shift-Dir - straight line, f - iguana
Aim: an iguana (severely wounded, 82% to hit)
The blast of sand hits the iguana but does no damage.
The iguana is severely wounded.
The iguana closely misses you.
Unknown command.
Casting: Sandblast (safe; 3% risk of failure)
Confirm with . or Enter, or press ? or * to list all spells.
Aiming: Sandblast (safe; 3% risk of failure)
Press: ? - help, Shift-Dir - straight line, f/p - iguana
Aim: an iguana (severely wounded, 82% to hit)
The blast of sand hits the iguana but does no damage.
The iguana is severely wounded.
The iguana closely misses you.
Unknown command.
Casting: Sandblast (safe; 3% risk of failure)
Confirm with . or Enter, or press ? or * to list all spells.
The spell is extremely dangerous to miscast (22% risk of failure)!
Continue anyway?
Okay, then.
Unknown command.
Casting: Stone Arrow (extremely dangerous; 22% risk of failure)
Confirm with . or Enter, or press ? or * to list all spells.
Aiming: Sandblast (safe; 3% risk of failure)
Press: ? - help, Shift-Dir - straight line, f/p - iguana
Aim: an iguana (severely wounded, 82% to hit)
The blast of sand hits the iguana but does no damage.
The iguana is severely wounded.
The iguana bites you!
You die...

#############
#...........####
#.##...........#
#.######.##.# #.# #.##.#
# #.# ##.##.#
####.##.#####...#.##
.....$.............#
##.#[##@#####...#..#####
# #l# ##.##....... #.#
#.###.##### .#. ..# #.#
. . #### #.# .. .#
#.##### .. .# #......
.## ## ####### ####.


You could see an iguana.

Vanquished Creatures
  2 adders (D:2)
  5 dart slugs (D:1)
  3 endoplasms
  2 giant cockroaches
  8 goblins
  2 hobgoblins (D:1)
  2 kobolds (D:1)
  3 quokkas (D:1)
  4 ball pythons (D:1)
  A bat (D:1)
  2 frilled lizards (D:1)
  4 rats (D:1)
38 creatures vanquished.

Vanquished Creatures (others)
  A plant (D:1)
1 creature vanquished.

Grand Total: 39 creatures vanquished

Notes
Turn   | Place    | Note
-------+----------+-------------------------------------------
     0 | D:1      | fragbeetle the Gargoyle Earth Elementalist began the quest
                  | for the Orb.
     0 | D:1      | Reached XP level 1. HP: 10/10 MP: 3/3
   117 | D:1      | Found Dootemav's Antique Armour Emporium.
   446 | D:1      | Reached XP level 2. HP: 15/15 MP: 5/5
   706 | D:1      | Reached skill level 1 in Transmutations
   715 | D:1      | Reached skill level 4 in Earth Magic
   807 | D:1      | Reached XP level 3. HP: 13/20 MP: 6/6
   951 | D:1      | Found a faded altar of an unknown god.
  1500 | D:1      | Learned a level 3 spell: Stone Arrow
  1534 | D:1      | Reached skill level 1 in Fighting
  2158 | D:2      | Identified the +0 helmet of Disguise {rElec rN+}
  2186 | D:2      | Reached XP level 4. HP: 24/25 MP: 7/7
  2188 | D:2      | Reached skill level 1 in Staves
  2425 | D:2      | Slain by an iguana

Illustrated notes

Levels and vault maps discovered:
D:1:      dpeg_arrival_solitude, layout_loops_corners,
          hellmonk_ecumenical_altar_zigzags, serial_rivers,
          chequers_serial_rivers_room_b, chequers_serial_rivers_micro_d,
          chequers_serial_rivers_room_a, chequers_serial_rivers_micro_b,
          chequers_serial_rivers_micro_e, serial_shops,
          nicolae_shop_behind_doors, chequers_serial_rivers_large_a,
          serial_bayou_pond_b
D:2:      minmay_razor_zed, layout_loops_ring

Skill      XL: |  1  2  3  4 |
---------------+-------------+-----
Transmutations | 1 |  1.0
Earth Magic    | 4 |  4.4
Fighting       | 1 |  1.2
Dodging        | 2 |  2.0
Staves         | 1 |  1.0
Stealth        | |  2.2
Spellcasting   | |  2.4
Conjurations   | |  0.5

Action                   |  1- 3 |  4- 6 || total
-------------------------+-------+-------++-------
Melee: Quarterstaff      |    95 |     4 ||    99
       Flail             |     2 |       ||     2
 Cast: Sandblast         |     6 |     4 ||    10
 Stab: Sleeping          |     3 |       ||     3
Armor: Robe              |    22 |     1 ||    23
Dodge: Dodged            |    62 |     3 ||    65

Table legend: (Time is in decaauts)
 A = Elapsed time spent in this place.
 B = Non-inter-level travel time spent in this place.
 C = Inter-level travel time spent in this place.
 D = Time resting spent in this place.
 E = Time spent auto-exploring this place.
 F = Levels seen in this place.
 G = Mean time per level.
                   A        B        C        D        E       F      G
               +--------+--------+--------+--------+--------+-----+--------+
         Total |   2466 |   2417 |     49 |    618 |   1410 |   2 | 1233.0 |
       Dungeon |   2466 |   2417 |     49 |    618 |   1410 |   2 | 1233.0 |
               +--------+--------+--------+--------+--------+-----+--------+

Top non-repeatable levels by time:
     D:1: 2151 daAuts
     D:2: 314 daAuts
